 Dungeon Crawl Stone Soup version 0.31-a0-986-g5e6e4ef867 (webtiles) character file.

Game seed: 6729661908677938536

19 FakeRyeBread the Shield-Bearer (level 2, 19/19 HPs)
             Began as a Gargoyle Fighter on Nov 5, 2023.
             Was a Follower of Uskayaw.
             Quit the game on level 1 of the Dungeon.
             The game lasted 00:02:30 (384 turns).

FakeRyeBread the Shield-Bearer (Gargoyle Fighter)    Turns: 384, Time: 00:02:30

Health: 19/19      AC: 10    Str: 19    XL:     2   Next: 75%
Magic:  2/2        EV:  9    Int:  8    God:    Uskayaw [*.....]
Gold:   57         SH:  4    Dex:  9    Spells: 1/1 levels left

rFire   . . .        a - +0 flail
rCold   . . .        c - +0 buckler
rNeg    + . .        b - +0 scale mail
rPois   ∞            (no helmet)
rElec   +            (no cloak)
rCorr   .            e - +0 pair of gloves
SInv    .            (no boots)
Will    .....        (no amulet) Stlth
                     (no ring)
HPRegen 0.23/turn    (no ring)
MPRegen 0.08/turn

%: no passive effects
@: no status effects
A: sickness immunity, AC +2, negative energy resistance 1, electricity
resistance, torment resistance 1, petrification resistance
a: Renounce Religion, Stomp


You were on level 1 of the Dungeon.
You worshipped Uskayaw.
Uskayaw was noncommittal.
You visited 1 branch of the dungeon, and saw 1 of its levels.

You collected 57 gold pieces.

Inventory:

Hand Weapons
 a - a +0 flail (weapon)
Armour
 b - a +0 scale mail (worn)
 c - a +0 buckler (worn)
 e - a +0 pair of gloves (worn)
Jewellery
 f - a ring of magical power
Potions
 d - a potion of might


   Skills:
 + Level 3.5 Fighting
 * Level 2.5 Maces & Flails
 + Level 3.5 Armour
 + Level 3.5 Shields


You had one spell level left.
You didn't know any spells.
Your spell library contained the following spells:

 Spells                   Type           Power      Damage    Failure   Level
 Passage of Golubria      Tloc           0%         N/A       100%        4
 Silence                  Hex/Air        0%         N/A       100%        5
 Lehudib's Crystal Spear  Conj/Erth      0%         10d2      100%        8


Dungeon Overview and Level Annotations

Branches:
Dungeon (1/15)

Altars:
Uskayaw


Innate Abilities, Weirdness & Mutations

You are immune to sickness and miasma.
Your stone body is resilient. (AC +2)
You are immune to poison.
You resist negative energy. (rN+)
You are resistant to electric shocks. (rElec)
You are resistant to unholy torment.
You are immune to petrification.


Message History

You closely miss the rat. The rat bites you but does no damage.
You barely miss the rat. The giant cockroach barely misses you.
The rat closely misses you.
You sock the rat!
You kill the rat!
The giant cockroach bites you but does no damage. x2
You block the giant cockroach's attack.
There is an escape hatch in the floor here.
You closely miss the giant cockroach. The giant cockroach closely misses you.
The giant cockroach barely misses you.
You barely miss the giant cockroach. The giant cockroach closely misses you.
You hit the giant cockroach but do no damage.
The giant cockroach bites you but does no damage.
The giant cockroach barely misses you.
You hit the giant cockroach.
You kill the giant cockroach!
You see here a giant cockroach corpse.
A goblin comes into view. It is wielding a +0 dagger.
The goblin shouts!
You hit the goblin.
You kill the goblin!
You see here a +0 dagger.
You see here a +0 dagger.
You pick up a book of the Moon and begin reading...
You add the spells Passage of Golubria, Silence and Lehudib's Crystal Spear to your library.
Found a stone.
Found a faded altar of an unknown god.
There is a faded altar of an unknown god here.
This altar belongs to (a) Uskayaw, (b) Makhleb or (c) Okawaru, but you can't tell which.
Press the corresponding letter to learn more about a god, or press enter to convert or escape to cancel.
Uskayaw accepts your prayer! Uskayaw welcomes you!
You can now stomp with the beat.
Unknown command.
Press < or > to pray at altars.
You see here a stone.
Okay, then.
A bat comes into view.
The bat closely misses you. The bat closely misses you.
Unknown command.
Are you sure you want to abandon this character and quit the game? (Confirm with "yes".)

#.# #.# #
#.# # #.#
#.######
#.# # #.#
#......###
. #.#
######.#..
# #.#
#.#.# #.#
#.#.#
#.#.#
##.#.####
#..@....#
#..#.##.#
#..#.#
#.....
#.##.## #.
.# #. ..
## ##


There were no monsters in sight!

Vanquished Creatures
  3 dart slugs (D:1)
  A giant cockroach (D:1)
  2 hobgoblins (D:1)
  A quokka (D:1)
  2 bats (D:1)
  2 goblins (D:1)
  A kobold (D:1)
  2 rats (D:1)
14 creatures vanquished.

Notes
Turn   | Place    | Note
-------+----------+-------------------------------------------
     0 | D:1      | FakeRyeBread the Gargoyle Fighter began the quest for the
                  | Orb.
     0 | D:1      | Reached XP level 1. HP: 14/14 MP: 1/1
   100 | D:1      | Reached XP level 2. HP: 19/19 MP: 2/2
   352 | D:1      | Found a faded altar of an unknown god.
   357 | D:1      | Prayed at the altar of an unknown god.
   357 | D:1      | Became a worshipper of Uskayaw the Reveller
   357 | D:1      | Reached * piety under Uskayaw
   384 | D:1      | Quit the game

Illustrated notes

Levels and vault maps discovered:
D:1:      lightli_arrival_lavapool, layout_loops_ring, basic_ecumenical_altar

Action                     || total
---------------------------++-------
  Melee: Flail             ||    29
 Armour: Scale mail        ||    15
  Dodge: Dodged            ||    17
  Block: Buckler           ||     2

Table legend: (Time is in decaauts)
 A = Elapsed time spent in this place.
 B = Non-inter-level travel time spent in this place.
 C = Inter-level travel time spent in this place.
 D = Time resting spent in this place.
 E = Time spent auto-exploring this place.
 F = Levels seen in this place.
 G = Mean time per level.
                   A        B        C        D        E       F      G
               +--------+--------+--------+--------+--------+-----+--------+
         Total |    394 |    349 |     45 |      0 |    222 |   1 |  394.0 |
       Dungeon |    394 |    349 |     45 |      0 |    222 |   1 |  394.0 |
               +--------+--------+--------+--------+--------+-----+--------+

Top non-repeatable levels by time:
     D:1: 394 daAuts
